[ AOE2 MATCH · #506049205 ]
UnrankedKhmer vs Ethiopians
Player's team · LOSS
Rival team · WIN
[ REPLAY ANALYSIS · EXTRACTED FROM THE RECORDED GAME ]
Feudal
9:44
Castle
19:49
Imperial
—
| APM avg | 83.6 |
| APM peak | 129 |
| eAPM avg | 43.1 |
| Villagers / military | 98 / 79 |
Focus
⚔️ 50.4% · 🌾 49.6%
Cavalry Archer ×42 · Archer ×19 · Mangonel ×13 · Scout Cavalry ×3 · Knight ×1 · Scorpion ×1
Feudal
11:21
Castle
15:36
Imperial
—
| APM avg | 63.5 |
| APM peak | 141 |
| eAPM avg | 31.9 |
| Villagers / military | 126 / 31 |
Focus
⚔️ 39.3% · 🌾 60.7%
Shotel Warrior ×20 · Mangonel ×3 · Scorpion ×3 · Monk ×2 · Militia ×2 · Spearman ×1
Match map
Initial resources + every placement click. Lines = walls · curves = elevation contours. ◆ gold · ⬟ stone · ● berries · ✦ relic · ◌ wall gap
Your base· Open — 5t gap
wR.ACCM's base· Open — unwalled flank
Smoothed initial terrain · ◌ = detected wall gap · hover for details
Inputs per minute
— wR.Prisma - - wR.ACCM
Build order — wR.Prisma
First 150 of 305 actions detected
| 0:00 | Create | Villager (Male) |
| 0:02 | Build | House |
| 0:02 | Build | House |
| 0:11 | Create | Villager (Male) |
| 0:13 | Create | Villager (Male) |
| 0:23 | Create | Villager (Male) |
| 1:09 | Create | Villager (Male) |
| 1:50 | Create | Villager (Male) |
| 2:12 | Build | Lumber Camp |
| 2:26 | Create | Villager (Male) |
| 2:26 | Create | Villager (Male) |
| 2:50 | Create | Villager (Male) |
| 2:51 | Create | Villager (Male) |
| 3:10 | Create | Villager (Male) |
| 3:39 | Create | Villager (Male) |
| 3:49 | Build | House |
| 4:00 | Create | Villager (Male) |
| 4:15 | Build | House |
| 4:24 | Create | Villager (Male) |
| 4:26 | Build | Mill |
| 4:51 | Build | Palisade Wall |
| 4:59 | Create | Villager (Male) |
| 5:06 | Create | Villager (Male) |
| 5:22 | Create | Villager (Male) |
| 5:42 | Build | Palisade Wall |
| 5:45 | Create | Villager (Male) |
| 5:51 | Create | Villager (Male) |
| 5:56 | Build | Palisade Wall |
| 5:58 | Build | Palisade Wall |
| 5:59 | Build | Palisade Wall |
| 5:59 | Build | Palisade Wall |
| 6:00 | Build | Palisade Wall |
| 6:01 | Build | Palisade Wall |
| 6:19 | Research | Loom |
| 6:21 | Build | Palisade Wall |
| 6:34 | Create | Villager (Male) |
| 6:47 | Build | Palisade Wall |
| 6:52 | Build | Palisade Wall |
| 7:09 | Create | Villager (Male) |
| 7:14 | Build | Palisade Wall |
| 7:17 | Build | Palisade Wall |
| 7:32 | Research | Feudal Age |
| 7:32 | Research | Feudal Age |
| 7:49 | Build | Lumber Camp |
| 8:37 | Create | Villager (Male) |
| 8:51 | Create | Villager (Male) |
| 9:07 | Create | Villager (Male) |
| 9:20 | Create | Villager (Male) |
| 9:44 | Age | Feudal Age |
| 9:46 | Build | Stable |
| 9:47 | Research | Double-Bit Axe |
| 9:50 | Research | Horse Collar |
| 9:51 | Create | Villager (Male) |
| 9:55 | Build | House |
| 9:57 | Create | Villager (Male) |
| 10:06 | Build | Palisade Gate |
| 10:11 | Build | Farm |
| 10:32 | Create | Scout Cavalry |
| 10:34 | Create | Villager (Male) |
| 10:37 | Create | Villager (Male) |
| 10:41 | Build | Farm |
| 10:50 | Create | Scout Cavalry |
| 10:53 | Build | Mill |
| 10:55 | Create | Scout Cavalry |
| 11:04 | Build | House |
| 11:11 | Create | Villager (Male) |
| 11:15 | Create | Villager (Male) |
| 11:22 | Create | Villager (Male) |
| 11:24 | Build | Palisade Wall |
| 11:25 | Build | Palisade Wall |
| 11:32 | Build | Farm |
| 11:46 | Create | Villager (Male) |
| 11:57 | Build | Archery Range |
| 12:06 | Create | Villager (Male) |
| 12:14 | Create | Villager (Male) |
| 12:30 | Create | Villager (Male) |
| 12:43 | Create | Archer |
| 12:44 | Create | Villager (Male) |
| 12:50 | Create | Villager (Male) |
| 13:00 | Build | Farm |
| 13:01 | Build | Farm |
| 13:01 | Build | Farm |
| 13:03 | Create | Archer |
| 13:05 | Create | Villager (Male) |
| 13:11 | Create | Archer |
| 13:17 | Build | Farm |
| 13:22 | Build | House |
| 13:30 | Create | Villager (Male) |
| 13:37 | Build | Mining Camp |
| 13:38 | Create | Villager (Male) |
| 13:40 | Create | Villager (Male) |
| 13:52 | Build | Farm |
| 13:52 | Create | Villager (Male) |
| 14:12 | Build | Farm |
| 14:19 | Create | Villager (Male) |
| 14:25 | Create | Villager (Male) |
| 14:34 | Build | Farm |
| 14:38 | Create | Archer |
| 14:45 | Research | Loom |
| 14:45 | Research | Loom |
| 14:46 | Research | Loom |
| 15:06 | Create | Villager (Male) |
| 15:10 | Create | Archer |
| 15:13 | Create | Villager (Male) |
| 15:18 | Build | Farm |
| 15:39 | Build | House |
| 15:47 | Create | Villager (Male) |
| 15:50 | Build | House |
| 16:14 | Create | Villager (Male) |
| 16:16 | Build | Farm |
| 16:17 | Build | Farm |
| 16:26 | Create | Archer |
| 16:32 | Create | Villager (Male) |
| 16:35 | Build | Archery Range |
| 16:38 | Build | Farm |
| 16:53 | Build | Palisade Wall |
| 17:10 | Research | Castle Age |
| 17:10 | Research | Castle Age |
| 17:15 | Create | Archer |
| 17:15 | Create | Archer |
| 17:29 | Create | Villager (Male) |
| 17:36 | Create | Archer |
| 17:46 | Build | Blacksmith |
| 17:52 | Research | Gold Mining |
| 18:00 | Create | Archer |
| 18:06 | Create | Archer |
| 18:06 | Create | Archer |
| 18:23 | Build | House |
| 18:24 | Create | Archer |
| 18:29 | Research | Fletching |
| 18:29 | Research | Fletching |
| 18:30 | Create | Villager (Male) |
| 19:02 | Create | Archer |
| 19:03 | Create | Archer |
| 19:03 | Create | Archer |
| 19:20 | Build | House |
| 19:49 | Age | Castle Age |
| 19:51 | Build | Siege Workshop |
| 19:52 | Research | Bodkin Arrow |
| 19:53 | Research | Bodkin Arrow |
| 19:53 | Research | Bodkin Arrow |
| 19:53 | Research | Bow Saw |
| 19:53 | Research | Bow Saw |
| 19:54 | Research | Bow Saw |
| 19:55 | Create | Knight |
| 20:34 | Create | Mangonel |
| 20:36 | Build | House |
| 20:37 | Create | Villager (Male) |
| 20:53 | Create | Villager (Male) |
| 21:06 | Build | Town Center |
Build order — wR.ACCM
First 150 of 302 actions detected
| 0:00 | Create | Villager (Male) |
| 0:01 | Create | Villager (Male) |
| 0:02 | Build | House |
| 0:03 | Build | House |
| 0:10 | Create | Villager (Male) |
| 0:10 | Create | Villager (Male) |
| 1:25 | Create | Villager (Male) |
| 1:25 | Create | Villager (Male) |
| 1:49 | Create | Villager (Male) |
| 1:49 | Create | Villager (Male) |
| 1:49 | Create | Villager (Male) |
| 1:56 | Build | Lumber Camp |
| 2:18 | Create | Villager (Male) |
| 2:18 | Create | Villager (Male) |
| 2:46 | Create | Villager (Male) |
| 3:03 | Create | Villager (Male) |
| 3:03 | Create | Villager (Male) |
| 3:30 | Create | Villager (Male) |
| 3:31 | Create | Villager (Male) |
| 3:52 | Build | House |
| 4:00 | Create | Villager (Male) |
| 4:00 | Create | Villager (Male) |
| 4:27 | Create | Villager (Male) |
| 4:33 | Build | Barracks |
| 4:53 | Create | Villager (Male) |
| 5:00 | Build | House |
| 5:22 | Create | Villager (Male) |
| 5:29 | Create | Militia |
| 5:47 | Create | Villager (Male) |
| 6:03 | Create | Militia |
| 6:03 | Create | Villager (Male) |
| 6:14 | Build | Mill |
| 6:35 | Create | Villager (Male) |
| 6:46 | Build | House |
| 6:54 | Create | Villager (Male) |
| 7:14 | Create | Villager (Male) |
| 7:23 | Build | Mill |
| 7:49 | Create | Villager (Male) |
| 8:15 | Create | Villager (Male) |
| 8:45 | Research | Loom |
| 8:50 | Build | Mining Camp |
| 9:04 | Research | Feudal Age |
| 9:04 | Research | Feudal Age |
| 9:21 | Build | House |
| 9:32 | Create | Villager (Male) |
| 9:43 | Build | Mining Camp |
| 10:32 | Build | Palisade Wall |
| 10:36 | Build | Palisade Wall |
| 10:36 | Build | Palisade Wall |
| 10:43 | Build | Palisade Wall |
| 10:44 | Build | Palisade Wall |
| 10:44 | Build | Palisade Wall |
| 10:46 | Build | Palisade Wall |
| 10:47 | Build | Palisade Wall |
| 10:49 | Build | Palisade Wall |
| 10:51 | Build | Palisade Wall |
| 10:52 | Build | Palisade Wall |
| 11:01 | Build | Palisade Wall |
| 11:04 | Build | Palisade Wall |
| 11:21 | Age | Feudal Age |
| 11:25 | Create | Villager (Male) |
| 11:34 | Build | Market |
| 11:49 | Build | Palisade Wall |
| 11:52 | Build | Palisade Wall |
| 11:53 | Build | Palisade Wall |
| 11:53 | Build | Palisade Wall |
| 11:55 | Build | Palisade Wall |
| 11:56 | Build | Palisade Wall |
| 11:57 | Build | Palisade Wall |
| 11:59 | Build | Palisade Wall |
| 12:12 | Build | Blacksmith |
| 12:13 | Create | Villager (Male) |
| 12:56 | Research | Castle Age |
| 12:56 | Research | Castle Age |
| 13:20 | Build | Farm |
| 13:21 | Build | Farm |
| 13:23 | Build | Farm |
| 13:25 | Build | Farm |
| 13:44 | Research | Double-Bit Axe |
| 14:13 | Create | Spearman |
| 15:09 | Build | Farm |
| 15:21 | Create | Villager (Male) |
| 15:36 | Age | Castle Age |
| 15:42 | Build | Town Center |
| 15:52 | Create | Villager (Male) |
| 15:55 | Build | Town Center |
| 16:17 | Create | Villager (Male) |
| 16:41 | Research | Bow Saw |
| 16:41 | Create | Villager (Male) |
| 16:53 | Create | Villager (Male) |
| 17:07 | Create | Villager (Male) |
| 17:14 | Create | Villager (Male) |
| 17:23 | Build | Farm |
| 17:25 | Create | Villager (Male) |
| 17:31 | Create | Villager (Male) |
| 17:41 | Build | Siege Workshop |
| 17:45 | Create | Villager (Male) |
| 17:48 | Build | Farm |
| 17:56 | Build | Farm |
| 18:00 | Build | Farm |
| 18:14 | Create | Villager (Male) |
| 18:14 | Create | Villager (Male) |
| 18:24 | Create | Scorpion |
| 18:26 | Build | Farm |
| 18:38 | Build | Farm |
| 18:40 | Create | Villager (Male) |
| 18:49 | Create | Villager (Male) |
| 18:49 | Create | Villager (Male) |
| 18:55 | Build | Farm |
| 18:59 | Create | Villager (Male) |
| 18:59 | Create | Villager (Male) |
| 19:12 | Create | Villager (Male) |
| 19:13 | Create | Villager (Male) |
| 19:13 | Build | Farm |
| 19:16 | Build | Farm |
| 19:20 | Build | Watch Tower |
| 19:27 | Create | Villager (Male) |
| 19:30 | Build | Farm |
| 19:31 | Create | Villager (Male) |
| 19:31 | Create | Villager (Male) |
| 19:35 | Build | Outpost |
| 19:43 | Create | Villager (Male) |
| 19:52 | Create | Villager (Male) |
| 19:57 | Build | Watch Tower |
| 20:09 | Create | Villager (Male) |
| 20:10 | Create | Mangonel |
| 20:11 | Create | Villager (Male) |
| 20:13 | Build | House |
| 20:28 | Create | Villager (Male) |
| 20:40 | Build | House |
| 20:41 | Create | Villager (Male) |
| 20:46 | Create | Villager (Male) |
| 20:46 | Create | Villager (Male) |
| 21:05 | Create | Villager (Male) |
| 21:09 | Build | Monastery |
| 21:10 | Create | Villager (Male) |
| 21:16 | Build | House |
| 21:27 | Create | Villager (Male) |
| 21:38 | Build | House |
| 21:38 | Create | Villager (Male) |
| 21:39 | Create | Villager (Male) |
| 22:14 | Create | Villager (Male) |
| 22:14 | Create | Monk |
| 22:21 | Build | University |
| 22:26 | Create | Villager (Male) |
| 22:26 | Create | Villager (Male) |
| 22:28 | Build | Lumber Camp |
| 22:30 | Build | Farm |
| 22:33 | Create | Mangonel |
| 22:40 | Create | Villager (Male) |
Match timeline
| 4:33 | wR.ACCM · first_building Barracks |
| 4:51 | wR.Prisma · wall_segment Palisade Wall x5 |
| 5:42 | wR.Prisma · wall_segment Palisade Wall x4 |
| 5:56 | wR.Prisma · wall_segment Palisade Wall x2 |
| 5:58 | wR.Prisma · wall_segment Palisade Wall x4 |
| 5:59 | wR.Prisma · wall_segment Palisade Wall x1 |
| 5:59 | wR.Prisma · wall_segment Palisade Wall x1 |
| 6:00 | wR.Prisma · wall_segment Palisade Wall x1 |
| 6:01 | wR.Prisma · wall_segment Palisade Wall x1 |
| 6:21 | wR.Prisma · wall_segment Palisade Wall x7 |
| 6:47 | wR.Prisma · wall_segment Palisade Wall x3 |
| 6:52 | wR.Prisma · wall_segment Palisade Wall x1 |
| 7:14 | wR.Prisma · wall_segment Palisade Wall x1 |
| 7:17 | wR.Prisma · wall_segment Palisade Wall x1 |
| 9:44 | wR.Prisma · age_up feudal |
| 9:46 | wR.Prisma · first_building Stable |
| 10:32 | wR.ACCM · wall_segment Palisade Wall x1 |
| 10:36 | wR.ACCM · wall_segment Palisade Wall x1 |
| 10:36 | wR.ACCM · wall_segment Palisade Wall x1 |
| 10:43 | wR.ACCM · wall_segment Palisade Wall x1 |
| 10:44 | wR.ACCM · wall_segment Palisade Wall x1 |
| 10:44 | wR.ACCM · wall_segment Palisade Wall x1 |
| 10:46 | wR.ACCM · wall_segment Palisade Wall x1 |
| 10:47 | wR.ACCM · wall_segment Palisade Wall x1 |
| 10:49 | wR.ACCM · wall_segment Palisade Wall x1 |
| 10:51 | wR.ACCM · wall_segment Palisade Wall x1 |
| 10:52 | wR.ACCM · wall_segment Palisade Wall x1 |
| 11:01 | wR.ACCM · wall_segment Palisade Wall x1 |
| 11:04 | wR.ACCM · wall_segment Palisade Wall x1 |
| 11:21 | wR.ACCM · age_up feudal |
| 11:24 | wR.Prisma · wall_segment Palisade Wall x1 |
| 11:25 | wR.Prisma · wall_segment Palisade Wall x1 |
| 11:49 | wR.ACCM · wall_segment Palisade Wall x1 |
| 11:52 | wR.ACCM · wall_segment Palisade Wall x1 |
| 11:53 | wR.ACCM · wall_segment Palisade Wall x1 |
| 11:53 | wR.ACCM · wall_segment Palisade Wall x1 |
| 11:55 | wR.ACCM · wall_segment Palisade Wall x1 |
| 11:56 | wR.ACCM · wall_segment Palisade Wall x1 |
| 11:57 | wR.ACCM · wall_segment Palisade Wall x1 |
| 11:57 | wR.Prisma · first_building Archery Range |
| 11:59 | wR.ACCM · wall_segment Palisade Wall x1 |
| 15:36 | wR.ACCM · age_up castle |
| 16:53 | wR.Prisma · wall_segment Palisade Wall x1 |
| 17:41 | wR.ACCM · first_building Siege Workshop |
| 19:49 | wR.Prisma · age_up castle |
| 19:51 | wR.Prisma · first_building Siege Workshop |
| 21:09 | wR.ACCM · first_building Monastery |
| 24:57 | wR.ACCM · first_market_buy 100 food |
| 27:54 | wR.ACCM · first_building Castle |
| 32:32 | wR.Prisma · first_building Castle |
| 32:55 | wR.Prisma · resign |
[ AI ANALYSIS · 1 CREDIT ]
What really happened in this match?
Wolo.gg analyzes every decision: build order, eco, micro, common mistakes by bracket. Personalized analysis on WhatsApp or Discord in 30 seconds.
Civ guide
Khmer
Perfil
Jugador #3176045